Map: Szmaragdowe Miasto ER

Players

sudba

  • Race: Protoss Protoss
  • Spawn Location: 5:00

Legol

  • Race: Protoss Protoss
  • Spawn Location: 5:00

Soul

  • Race: Protoss Protoss
  • League: Gold
  • Spawn Location: 11:00

xvirego

  • Race: Terran Terran
  • League: Platinum
  • Spawn Location: 11:00

VOD

Have the link to the VOD?

Description

Time

  • Played on: Dec. 26, 2019, 12:56 p.m.
  • Length: 5:42
Show
View Real Time Build Order
Export as new Build Order

sudba Protoss 

Build Orders:  

Get SALT Encoding   

  12  0:03  Probe  
  13  0:15  Probe  
  13  0:19  Pylon  
  14  0:27  Probe  
  15  0:39  Probe (Chrono Boost)  
  15  0:40  Pylon  
  16  0:51  Probe (Chrono Boost)  
  17  0:58  Assimilator  
  17  1:00  Probe (Chrono Boost)  
  17  1:03  Assimilator  
  18  1:37  Probe (Chrono Boost)  
  20  1:48  Probe (Chrono Boost)  
  20  1:51  Nexus  
  20  1:52  Probe (Chrono Boost)  
  21  2:03  Probe  
  23  2:15  Probe (Chrono Boost)  
  23  2:17  Pylon  
  23  2:27  Probe (Chrono Boost), Gateway  
  24  2:33  Probe (Chrono Boost), Forge  
  25  2:42  Probe  
  25  2:54  Probe  
  26  3:07  Probe (Chrono Boost)  
  26  3:10  Probe (Chrono Boost)  
  28  3:17  Probe (Chrono Boost)  
  28  3:19  Cybernetics Core  
  29  3:22  Probe (Chrono Boost)  
  30  3:30  Photon Cannon  
  30  3:33  Probe  
  31  3:34  Photon Cannon  
  31  3:39  Photon Cannon  
  31  3:45  Probe, Photon Cannon  
  32  3:54  Pylon  
  32  3:59  Stargate  
  32  4:03  Stargate  
  32  4:09  Probe (Chrono Boost)  
  33  4:15  Assimilator  
  33  4:19  Probe (Chrono Boost), Assimilator  
  34  4:24  Probe (Chrono Boost)  
  35  4:35  Probe  
  36  4:46  Void Ray x2 (Chrono Boost)  
  36  4:47  Probe  
  45  5:00  Probe  
  46  5:12  Probe  
  47  5:24  Probe  
Show
View Real Time Build Order
Export as new Build Order

Legol Protoss 

Build Orders:  

Get SALT Encoding   

  12  0:02  Probe  
  13  0:14  Probe  
  13  0:18  Pylon  
  14  0:26  Probe  
  15  0:38  Probe (Chrono Boost), Gateway  
  16  0:51  Probe (Chrono Boost)  
  16  0:52  Assimilator  
  17  0:59  Probe (Chrono Boost)  
  18  1:07  Probe  
  19  1:19  Probe  
  20  1:27  Cybernetics Core  
  20  1:29  Pylon  
  20  1:31  Probe  
  21  1:43  Probe  
  21  1:45  Assimilator  
  22  2:13  Nexus  
  21  2:22  Probe (Chrono Boost)  
  22  2:24  Forge  
  22  2:27  Warp Gate  
  22  2:31  Stalker  
  22  2:32  Probe (Chrono Boost)  
  25  2:37  Probe (Chrono Boost)  
  26  2:45  Pylon  
  26  2:56  Gateway  
  26  3:06  Probe  
  26  3:08  Stalker  
  29  3:18  Probe, Twilight Council  
  30  3:27  Probe  
  30  3:30  Probe  
  30  3:33  Photon Cannon  
  32  3:39  Probe  
  33  3:43  Photon Cannon  
  33  3:49  Stalker  
  33  3:52  Probe x2  
  37  4:09  Probe (Chrono Boost)  
  39  4:10  Probe (Chrono Boost)  
  39  4:20  Stalker  
  39  4:21  Probe (Chrono Boost)  
  43  4:25  Probe (Chrono Boost)  
  43  4:26  Probe (Chrono Boost)  
  43  4:27  Pylon  
  44  4:32  Probe  
  44  4:37  Gateway  
  45  4:38  Probe  
  45  4:44  Probe (Chrono Boost)  
  47  4:50  Probe (Chrono Boost)  
  47  4:51  Assimilator  
  48  4:56  Assimilator  
  49  5:02  Probe x2 (Chrono Boost)  
  49  5:13  Stalker x2  
Show
View Real Time Build Order
Export as new Build Order

Soul Protoss 

Build Orders: Double Forge 

Get SALT Encoding   

  12  0:02  Probe  
  13  0:14  Probe  
  14  0:22  Pylon  
  14  0:26  Probe  
  15  0:40  Probe  
  15  0:42  Gateway  
  16  0:52  Probe (Chrono Boost), Assimilator  
  17  1:03  Probe (Chrono Boost)  
  18  1:08  Probe (Chrono Boost)  
  19  1:18  Probe  
  20  1:30  Probe  
  21  1:43  Probe  
  22  1:50  Nexus  
  22  1:54  Cybernetics Core  
  22  1:55  Probe  
  23  2:03  Assimilator  
  23  2:06  Pylon  
  23  2:17  Gateway  
  23  2:26  Probe  
  24  2:42  Warp Gate  
  24  2:51  Stalker (Chrono Boost), Probe  
  27  3:02  Twilight Council  
  27  3:03  Probe  
  28  3:05  Robotics Facility  
  28  3:07  Probe  
  29  3:20  Probe  
  29  3:21  Stalker x2 (Chrono Boost)  
  34  3:33  Probe x2  
  36  4:02  Pylon  
  36  4:05  Pylon  
  36  4:07  Pylon, Stalker (Chrono Boost)  
  38  4:17  Stalker (Chrono Boost), Warp Prism (Chrono Boost)  
  41  4:23  Forge  
  42  4:24  Forge  
  42  4:51  Gateway  
  42  4:52  Gateway  
  42  4:54  Gateway  
  42  4:55  Gateway  
Show
View Real Time Build Order
Export as new Build Order

xvirego Terran 

Build Orders:  

Get SALT Encoding   

  12  0:03  SCV  
  13  0:15  SCV  
  14  0:22  Supply Depot  
  14  0:32  SCV  
  15  0:48  SCV  
  16  0:59  Barracks  
  16  1:00  SCV  
  17  1:12  SCV  
  17  1:16  Barracks x2  
  18  1:30  Supply Depot  
  18  1:43  Barracks  
  18  1:51  Marine  
  18  1:53  Supply Depot  
  19  2:04  Marine  
  19  2:05  Marine  
  21  2:09  Marine  
  22  2:15  Barracks  
  22  2:24  Orbital Command  
  22  2:51  Marine  
  22  2:55  Barracks  
  22  2:58  Barracks  
  23  3:01  Marine x3  
  26  3:18  Barracks  
  26  3:19  Marine  
  26  3:20  Marine  
  26  3:23  Marine x2  
  26  3:27  SCV  
  31  3:38  Marine  
  31  3:39  SCV, Marine x2  
  31  3:40  Marine  
  36  3:45  Marine x2  
  38  3:54  Marine  
  39  4:05  Marine x6  
  45  4:12  Supply Depot  
  45  4:17  Supply Depot  
  45  4:18  Marine  
  46  4:26  Marine  
  47  4:33  Marine x2  
  47  4:36  Supply Depot  
  49  4:38  Marine  
  50  4:50  Marine  
  50  4:51  Marine x3  
  54  5:13  Marine x6  
  54  5:14  Marine  
Tags
 
Add a new tag
Caveats
  • Supply blocks, unpowered buildings, or Contaminate may cause inaccurate times.
  • Supply counts are checked every 10 seconds.